[Event "2nd Namma Bengaluru Open-A 2025"]
[Site "Bengaluru"]
[Date "2025.04.15"]
[Round "7.1"]
[White "Vaz, Ethan"]
[Black "Petrosyan, Manuel"]
[Result "1/2-1/2"]
[Annotator "TA"]
[ECO "C45"]
[WhiteElo "2430"]
[BlackElo "2544"]
[PlyCount "56"]
[EventDate "2025.04.10"]
[EventType "swiss"]
[EventCountry "IND"]
[SourceTitle "playchess.com"]
[Source "ChessBase"]
[SourceQuality "1"]
[TimeControl "5400+30"]

1. e4 e5 2. Nf3 Nc6 3. d4 exd4 4. Nxd4 Nf6 5. Nxc6 bxc6 6. e5 Qe7 7. Qe2 Nd5 8. h4 d6 {[%emt 0:00:30] C45: Scotch Game.} 9. c4 Nb6 10. exd6 Qxe2+ 11. Bxe2 cxd6 12. Nc3 Be6 13. Bf3 Rc8 14. b3 d5 15. cxd5 Nxd5 16. Nxd5 $146 (16. Ne4 Bb4+ 17. Bd2 O-O 18. O-O c5 19. Rfc1 Bxd2 20. Nxd2 Nb6 21. Ne4 c4 22. b4 {1-0 Tsydypov,Z (2552)-Bezgodov,A (2449) Cheliabinsk Lozovatsky Memorial-A 2021 (3)}) 16... cxd5 17. O-O Be7 18. Bb2 {[%emt 0:00:30] Against Bf6} (18. Be3 $14 {feels stronger.}) 18... O-O $11 {[%emt 0:00:30] The position is equal.} 19. g3 Rc2 20. Bd4 a5 21. Rfd1 h6 22. Be3 Bf6 23. Bd4 Be7 24. Be3 Bf6 25. Bd4 Be7 26. Be3 Bf6 27. Bd4 Be7 28. Be3 Bf6 {[%emt 0:00:30] Weighted Error Value: White=0.04 (flawless) /Black=0.04 (flawless)   Mistake:       	White=1     	---        Inaccurate:     	---       	Black=2      OK:         	White=8     	Black=14     Best:        	White=2     	---} 1/2-1/2

[Event "2nd Namma Bengaluru Open-A 2025"]
[Site "Bengaluru"]
[Date "2025.04.15"]
[Round "7.2"]
[White "Pantsulaia, Levan"]
[Black "Padmini, Rout"]
[Result "1-0"]
[Annotator "TA"]
[ECO "A08"]
[WhiteElo "2532"]
[BlackElo "2354"]
[PlyCount "65"]
[EventDate "2025.04.10"]
[EventType "swiss"]
[EventCountry "IND"]
[SourceTitle "playchess.com"]
[Source "ChessBase"]
[SourceQuality "1"]
[TimeControl "5400+30"]

1. Nf3 Nf6 2. g3 e6 3. Bg2 d5 4. O-O g6 5. d3 Bg7 6. Nbd2 O-O 7. e4 c5 8. c3 Nc6 9. Nb3 b6 10. e5 Nd7 11. d4 {[%emt 0:00:07] The position is equal.} a5 12. Bg5 Qc7 13. a3 a4 {[%emt 0:02:59] ...h6 would now be deadly.} 14. Nbd2 h6 15. Be3 Ba6 16. Re1 Bd3 17. h4 Rfc8 18. Nh2 cxd4 19. cxd4 Ne7 20. Ng4 (20. Rc1 $11 Qxc1 21. Qxc1 Rxc1 22. Rxc1) 20... Nf5 21. Rc1 Qb7 (21... Qxc1 $15 {deserves consideration.} 22. Qxc1 Rxc1 23. Rxc1 h5) 22. Rxc8+ $11 Qxc8 23. Nb1 (23. Nf3 $11 Qa6 24. Bf4) 23... Bc4 (23... Qc4 $15 24. Nd2 Qb5) 24. Qd2 Kh7 25. Bf4 b5 26. Ne3 Nxe3 27. Bxe3 Qb7 {[%emt 0:02:43] [#]} 28. h5 $1 g5 (28... Nb8 29. Qc2) 29. f4 gxf4 30. Bxf4 b4 $2 {[%emt 0:02:24][%mdl 8192] [#]} 31. Qc2+ $1 $18 {[%emt 0:00:23] White has a decisive advantage.} ({Stronger than} 31. Qxb4 Qxb4 32. axb4 Rb8 $15) ({Not} 31. axb4 Rb8 $11) 31... Kg8 32. Qxc4 {[%emt 0:00:06] Threatens to win with Qc1.} bxa3 33. bxa3 {[%emt 0:00:17] Weighted Error Value: White=0.11 (very precise) /Black=0.25 (precise) .  Loses game:     	---       	Black=1      Mistake:       	White=2     	Black=2      Inaccurate:     	---       	Black=1      OK:         	White=9     	Black=8      Best:        	White=2     	Black=2      Strong:       	White=1     	---} 1-0

[Event "2nd Namma Bengaluru Open-A 2025"]
[Site "Bengaluru"]
[Date "2025.04.15"]
[Round "7.3"]
[White "Dzhumaev, Marat"]
[Black "Nitish Belurkar"]
[Result "1-0"]
[Annotator "RC"]
[ECO "C14"]
[WhiteElo "2352"]
[BlackElo "2441"]
[PlyCount "69"]
[EventDate "2025.04.10"]
[EventType "swiss"]
[EventCountry "IND"]
[SourceTitle "playchess.com"]
[Source "ChessBase"]
[SourceQuality "1"]
[TimeControl "5400+30"]

1. e4 e6 2. d4 d5 3. Nc3 Nf6 4. Bg5 Be7 5. e5 Nfd7 6. h4 h6 7. Bxe7 Qxe7 8. h5 a6 9. f4 c5 10. Nf3 Nc6 11. Qd2 b5 12. dxc5 Nxc5 13. O-O-O Bb7 14. Kb1 Ne4 15. Qe1 Qc5 16. Nxe4 dxe4 17. Nd2 Nb4 18. c3 e3 19. cxb4 exd2 20. Qxd2 Qe7 21. Qd6 Be4+ 22. Ka1 Rd8 23. Qxd8+ Qxd8 24. Rxd8+ Kxd8 25. Be2 Ke7 26. Rc1 Rd8 27. Rc7+ Ke8 28. a4 bxa4 29. g3 Bd5 30. Bxa6 Bb3 31. Bb5+ Kf8 32. Bd7 Rb8 33. b5 Ke7 34. Bc6+ Kf8 35. b6 1-0

[Event "2nd Namma Bengaluru Open-A 2025"]
[Site "Bengaluru"]
[Date "2025.04.15"]
[Round "7.4"]
[White "Rajesh, V A V"]
[Black "Nguyen, Quoc Hy"]
[Result "1/2-1/2"]
[Annotator "RC"]
[ECO "D30"]
[WhiteElo "2331"]
[BlackElo "2404"]
[PlyCount "61"]
[EventDate "2025.04.10"]
[EventType "swiss"]
[EventCountry "IND"]
[SourceTitle "playchess.com"]
[Source "ChessBase"]
[SourceQuality "1"]
[TimeControl "5400+30"]

1. d4 Nf6 2. c4 e6 3. g3 d5 4. Bg2 c6 5. Qc2 dxc4 6. Qxc4 b5 7. Qd3 Bb7 8. Nf3 a6 9. O-O c5 10. a4 b4 11. Bg5 Nbd7 12. Nbd2 Be7 13. Rac1 cxd4 14. Qxd4 O-O 15. Nc4 h6 16. Bxf6 Bxf6 17. Qd2 Rb8 18. Rfd1 Bd5 19. e4 Bxc4 20. Rxc4 Qa5 21. b3 Rfd8 22. Qe3 Ne5 23. Rcc1 Rxd1+ 24. Rxd1 Rc8 25. Nxe5 Qxe5 26. Bf1 Rc3 27. Rd3 Be7 28. Kg2 Bc5 29. Qf4 Qxf4 30. gxf4 Rxd3 31. Bxd3 1/2-1/2

[Event "2nd Namma Bengaluru Open-A 2025"]
[Site "Bengaluru"]
[Date "2025.04.15"]
[Round "7.5"]
[White "Harsh Suresh"]
[Black "Wagh Suyog"]
[Result "1/2-1/2"]
[Annotator "RC"]
[ECO "B13"]
[WhiteElo "2389"]
[BlackElo "2289"]
[PlyCount "119"]
[EventDate "2025.04.10"]
[EventType "swiss"]
[EventCountry "IND"]
[SourceTitle "playchess.com"]
[Source "ChessBase"]
[SourceQuality "1"]
[TimeControl "5400+30"]

1. e4 c6 2. d4 d5 3. exd5 cxd5 4. Bd3 Nf6 5. h3 Nc6 6. c3 e5 7. dxe5 Nxe5 8. Nf3 Nxd3+ 9. Qxd3 Be7 10. Be3 O-O 11. Nbd2 Be6 12. O-O Qd7 13. Nd4 h6 14. Bf4 Bd6 15. Bxd6 Qxd6 16. Rfe1 Rae8 17. Re2 Bd7 18. Rae1 Rxe2 19. Rxe2 Re8 20. Rxe8+ Nxe8 21. Nf1 Nf6 22. Ne3 Kf8 23. Ndc2 Qc5 24. Nb4 Be6 25. a3 Qb6 26. Qd2 Qc5 27. f3 Ke7 28. Nbc2 Bd7 29. Nd4 Kf8 30. Ng4 Nxg4 31. hxg4 Qe7 32. Ne2 Qc5+ 33. Nd4 Qe7 34. Nc2 Qe5 35. Kf2 Be6 36. Nb4 Qg5 37. Qxg5 hxg5 38. Ke3 Ke7 39. Kd4 Kd6 40. Nc2 g6 41. Ne3 f6 42. b4 Bf7 43. g3 b5 44. f4 gxf4 45. gxf4 Be6 46. f5 gxf5 47. gxf5 Bg8 48. Ng4 Bh7 49. Ne3 Bg8 50. Ng4 Bh7 51. Nxf6 Bxf5 52. Nxd5 Bg6 53. Nf6 Bc2 54. Ng4 Bf5 55. Ne5 Bc2 56. Nf7+ Ke6 57. Nd8+ Kd7 58. Nb7 Kc6 59. Nd8+ Kd7 60. Nf7 1/2-1/2

[Event "2nd Namma Bengaluru Open-A 2025"]
[Site "Bengaluru"]
[Date "2025.04.15"]
[Round "7.5"]
[White "Harsh Suresh"]
[Black "Wagh Suyog"]
[Result "*"]
[Annotator "RC"]
[ECO "B13"]
[WhiteElo "2389"]
[BlackElo "2289"]
[PlyCount "54"]
[EventDate "2025.04.10"]
[EventType "swiss"]
[EventCountry "IND"]
[SourceTitle "playchess.com"]
[Source "ChessBase"]
[SourceQuality "1"]
[TimeControl "5400+30"]

1. e4 c6 2. d4 d5 3. exd5 cxd5 4. Bd3 Nf6 5. h3 Nc6 6. c3 e5 7. dxe5 Nxe5 8. Nf3 Nxd3+ 9. Qxd3 Be7 10. Be3 O-O 11. Nbd2 Be6 12. O-O Qd7 13. Nd4 h6 14. Bf4 Bd6 15. Bxd6 Qxd6 16. Rfe1 Rae8 17. Re2 Bd7 18. Rae1 Rxe2 19. Rxe2 Re8 20. Rxe8+ Nxe8 21. Nf1 Nf6 22. Ne3 Kf8 23. Ndc2 Qc5 24. Nb4 Be6 25. a3 Qb6 26. Qd2 Qc5 27. f3 Bd7 *

[Event "2nd Namma Bengaluru Open-A 2025"]
[Site "Bengaluru"]
[Date "2025.04.15"]
[Round "7.6"]
[White "Ayush Sharma"]
[Black "Nithin Babu"]
[Result "0-1"]
[Annotator "RC"]
[ECO "C42"]
[WhiteElo "2485"]
[BlackElo "2242"]
[PlyCount "204"]
[EventDate "2025.04.10"]
[EventType "swiss"]
[EventCountry "IND"]
[SourceTitle "playchess.com"]
[Source "ChessBase"]
[SourceQuality "1"]
[TimeControl "5400+30"]

1. e4 e5 2. Nf3 Nf6 3. Nxe5 d6 4. Nf3 Nxe4 5. Nc3 Nxc3 6. dxc3 Be7 7. Be3 Nd7 8. Qd2 Ne5 9. O-O-O Nxf3 10. gxf3 Be6 11. Kb1 Qd7 12. Rg1 g6 13. Qd4 Rg8 14. Bc4 a6 15. Rge1 O-O-O 16. Qa7 Qc6 17. Bxe6+ fxe6 18. Bc1 d5 19. Qe3 Bc5 20. Qxe6+ Qxe6 21. Rxe6 Rgf8 22. Bg5 Rde8 23. Rxe8+ Rxe8 24. b4 Bd6 25. Rxd5 Re5 26. c4 Rxd5 27. cxd5 Bxb4 28. c4 b5 29. cxb5 axb5 30. Kc2 Kd7 31. Kd3 c5 32. dxc6+ Kxc6 33. Ke4 Kd6 34. Be3 Ke6 35. Kd4 Be7 36. h3 Bd6 37. Bd2 Be7 38. Bf4 Bf8 39. Bc7 Be7 40. Bb6 Bd6 41. Bc5 Be5+ 42. Ke4 Bf6 43. f4 Bg7 44. f3 Bf6 45. Bf8 Bb2 46. Bh6 Bc3 47. Kd3 Bb2 48. Bf8 Kd5 49. Kc2 Bd4 50. Kb3 Be3 51. Kb4 Kc6 52. Bh6 Bd2+ 53. Kb3 Kd5 54. Bg5 Kd4 55. Kc2 Ba5 56. h4 Kc4 57. Bf6 Be1 58. Bg5 Bc3 59. Be7 Ba5 60. Bf6 Be1 61. Bg5 Bb4 62. Bf6 Bd6 63. Bg5 Bb4 64. Bf6 Ba5 65. Bg5 Kd4 66. Bh6 Bb4 67. Bg5 Ba5 68. Bh6 Bd8 69. Bg5 Ba5 70. Bh6 Bb4 71. Bg5 Ke3 72. f5+ Kxf3 73. f6 Bf8 74. Kd3 h6 75. Be3 Kg4 76. Ke4 Kxh4 77. Kd5 h5 78. Bc5 Bh6 79. Ke6 Kg4 80. f7 h4 81. Kf6 h3 82. Bd6 Kh5 83. a3 g5 84. Kf5 g4 85. Kf6 g3 86. Bxg3 Bf8 87. Kf5 Bxa3 88. Be5 Bf8 89. Ke4 Kg6 90. Kf3 Kxf7 91. Kg3 b4 92. Kxh3 b3 93. Bb2 Bg7 94. Ba3 Ke6 95. Kg4 Kd5 96. Kf3 Kc4 97. Ke2 Kc3 98. Kd1 Bh6 99. Bc1 Kd3 100. Bb2 Be3 101. Bc1 Bxc1 102. Kxc1 Kc3 0-1

[Event "2nd Namma Bengaluru Open-A 2025"]
[Site "Bengaluru"]
[Date "2025.04.15"]
[Round "7.7"]
[White "Schekachikhin, Maksim"]
[Black "Iniyan, Pa"]
[Result "0-1"]
[Annotator "TA"]
[ECO "B90"]
[WhiteElo "2370"]
[BlackElo "2578"]
[PlyCount "48"]
[EventDate "2025.04.10"]
[EventType "swiss"]
[EventCountry "IND"]
[SourceTitle "playchess.com"]
[Source "ChessBase"]
[SourceQuality "1"]
[TimeControl "5400+30"]

1. e4 c5 2. Nf3 d6 3. d4 cxd4 4. Nxd4 Nf6 5. Nc3 a6 6. h3 e5 7. Nf3 h6 8. Nh2 Be6 9. Ng4 {[%emt 0:00:36] The position is equal.} Nbd7 10. Qf3 Rc8 11. Be2 Be7 12. Bd2 Qb6 13. O-O-O Qc6 14. Ne3 (14. a3 $11 {keeps the balance.}) 14... Nc5 $1 $17 15. Ncd5 (15. Ned5 $142) 15... Nfxe4 16. Nxe7 {[%emt 0:06:06] [#] Now White is beyond hope.} (16. Be1 $17 {is a better defense.}) 16... Qa4 $1 $19 {[%emt 0:02:00] ( -> ...Nb3+)} (16... Kxe7 17. Bb4 $17) 17. N3f5 {[%emt 0:15:51] [#]} (17. Nxc8 Qxa2 18. Nxd6+ Kf8) (17. Bc4 $142 Bxc4 (17... Kxe7 18. Nd5+ Bxd5 19. Bxd5 $17) 18. Nxc4 (18. Nxc8 Qxa2 19. Nxd6+ Kf8) 18... Qxa2 (18... Kxe7 $2 19. Na3 $19) 19. Qa3 (19. Nxd6+ $2 Nxd6 $19) 19... Qxa3 (19... Qxc4 $2 20. Nxc8 O-O 21. Ne7+ Kh8 22. Be3 $18) 20. bxa3 Kxe7 21. Be1) 17... Qxa2 $1 {[%emt 0:06:34][%cal Ra2a1] Black is clearly winning.} (17... Nb3+ 18. Qxb3 Bxb3 19. Nxc8 Bxc2 20. Nfxd6+ (20. Ncxd6+ Nxd6 21. Nxd6+ Ke7 $11) 20... Kf8 21. Be3 $11) 18. c4 (18. Nxg7+ $2 {is the wrong capture.} Kxe7 19. c4 Nb3+ (19... Bxc4 $2 20. Nf5+ Kd7 21. Bxc4 $19) (19... Bxc4 $2 20. Nf5+ Kd7 21. Bxc4 $19)) (18. Qa3 $2 Nb3+) 18... Bxc4 (18... Nb3+ $2 19. Kc2 Nbxd2 (19... Nexd2 20. Rxd2 Nxd2 21. Qxb7 $11) 20. Rxd2 Rxc4+ (20... Nxd2 21. Qxb7 Rxc4+ 22. Bxc4 $11) 21. Bxc4 Qxc4+ 22. Kd1 Nxd2 23. Kxd2 Qb4+ 24. Qc3 Qf4+ 25. Qe3 $19) 19. Nxc8 (19. Bxc4 $142 Nb3+ 20. Qxb3 Qxb3 21. Nxc8 Qxc4+ 22. Bc3 Qxc8 23. Nxd6+ Nxd6 24. Rxd6) 19... Qa1+ 20. Kc2 Qa4+ 21. Kc1 Nb3+ 22. Qxb3 Bxb3 23. Ncxd6+ Kd7 24. Bd3 Nxf2 {[%emt 0:03:33] Weighted Error Value: White=1.05/Black=0.02 (flawless) .  Loses game:     	White=1     	---        Mistake:       	White=4     	---        Inaccurate:     	White=1     	---        OK:         	White=1     	Black=5      Best:        	White=1     	Black=1      Strong:       	---       	Black=3} ({Weaker is} 24... Bxd1 25. Nxe4 Rc8+ 26. Bc3 $19) 0-1

[Event "2nd Namma Bengaluru Open-A 2025"]
[Site "Bengaluru"]
[Date "2025.04.15"]
[Round "7.8"]
[White "Manish Anto Cristiano F"]
[Black "Grigoryan, Karen H."]
[Result "1/2-1/2"]
[Annotator "TA"]
[ECO "C95"]
[WhiteElo "2361"]
[BlackElo "2556"]
[PlyCount "117"]
[EventDate "2025.04.10"]
[EventType "swiss"]
[EventCountry "IND"]
[SourceTitle "playchess.com"]
[Source "ChessBase"]
[SourceQuality "1"]
[TimeControl "5400+30"]

1. e4 e5 2. Nf3 Nc6 3. Bb5 a6 4. Ba4 Nf6 5. O-O Be7 6. Re1 b5 7. Bb3 d6 8. c3 O-O 9. h3 Nb8 10. d4 Nbd7 11. Nbd2 Bb7 12. Bc2 Re8 13. Nf1 Bf8 14. Ng3 g6 15. a4 c5 16. d5 c4 17. Be3 Nc5 {[%emt 0:05:19][%cal Bd7c5,Bc5d3,Bd3f4][%mdl 32] was the old line (17...Qc7). C95: Closed Ruy Lopez: Breyer Variation with 10 d4.} 18. Nd2 Nfd7 19. b4 $146 (19. Qe2) 19... cxb3 20. Bxb3 Nd3 21. Rf1 Qc7 22. Qb1 Nf4 23. c4 b4 24. a5 Nc5 25. Bc2 Rab8 26. Nb3 (26. Qxb4 Bxd5 27. Qc3 Be6 $14) 26... Bc8 27. Qd1 Bd7 28. Nxc5 dxc5 29. Re1 Bd6 30. Nf1 Qd8 31. Nd2 f5 32. exf5 gxf5 33. Bxf4 exf4 34. Rxe8+ Qxe8 35. Nf3 Kh8 36. Qd3 Qg6 37. Kh1 Re8 38. Re1 Rxe1+ 39. Nxe1 {[%emt 0:00:02] White is weak on the dark squares} Qf6 40. Nf3 (40. Kg1 $15) 40... Kg7 (40... Qa1+ $17 41. Qd1 Qxd1+ (41... Qxa5 42. Qb1 $11) 42. Bxd1 Bc7) 41. Kh2 Qc3 (41... Qa1 $17) 42. Qxc3+ $11 bxc3 {[%emt 0:00:33][%mdl 4096] Endgame KBB-KBN} 43. Ne1 f3+ 44. g3 $1 {[%emt 0:00:36] The position is equal.} f4 {[%emt 0:03:01] [#] ...fxg3+ would now be deadly.} 45. Nxf3 fxg3+ 46. fxg3 h5 47. Kg2 Kf6 {[%emt 0:00:06] Wards off Ng5} 48. Ne1 $1 Bc7 49. Nd3 Bf5 50. g4 hxg4 51. hxg4 Bxg4 52. Nxc5 Bxa5 53. Nxa6 Be2 54. Nc5 Bxc4 55. d6 Ke5 56. d7 Bd5+ 57. Kf1 Kd6 58. d8=Q+ Bxd8 59. Ne4+ {[%emt 0:00:05] Weighted Error Value: White=0.06 (flawless) /Black=0.06 (flawless)   Mistake:       	White=1     	Black=2      Inaccurate:     	White=4     	---        OK:         	White=16    	Black=19     Best:        	White=6     	Black=2      Strong:       	White=2     	---} 1/2-1/2

[Event "2nd Namma Bengaluru Open-A 2025"]
[Site "Bengaluru"]
[Date "2025.04.15"]
[Round "7.9"]
[White "Aronyak Ghosh"]
[Black "Shahil Dey"]
[Result "1-0"]
[Annotator "TA"]
[ECO "A46"]
[WhiteElo "2525"]
[BlackElo "2360"]
[PlyCount "119"]
[EventDate "2025.04.10"]
[EventType "swiss"]
[EventCountry "IND"]
[SourceTitle "playchess.com"]
[Source "ChessBase"]
[SourceQuality "1"]
[TimeControl "5400+30"]

1. d4 Nf6 2. Bf4 c6 3. Nf3 Qb6 4. b3 d6 5. g3 $146 (5. Nbd2 Nh5 6. Nc4 Qc7 7. Bd2 f5 8. g3 g6 9. Bg2 Bg7 10. O-O O-O 11. Qc1 {1-0 Abasov,N (2679)-Iturrizaga Bonelli,E (2615) FIDE Grand Swiss 2023 (2)}) 5... g6 6. Bg2 {[%emt 0:00:27] A46: 1 d4 Nf6 2 Nf3 e6: Torre, London and Colle Systems.} Bg7 7. O-O O-O 8. c4 {[%emt 0:04:39] The position is equal.} c5 9. dxc5 Qxc5 10. Nc3 {[%emt 0:00:58] Inhibits Nd5.} Qh5 11. Rc1 Nc6 12. Qd2 Bh3 13. Nd5 Ng4 14. Nh4 Bxg2 15. Kxg2 Nf6 (15... e6 $5 16. h3 Nge5 $16) 16. Nf3 Qf5 (16... Ne4 {with more complications.} 17. Qd3 f5 18. Be3 e5) 17. Rfe1 e5 {[%emt 0:04:32] [#] ...Ne4 is the strong threat.} 18. Nxf6+ Qxf6 19. Bg5 Qe6 20. Red1 f6 21. Be3 (21. Qxd6 $2 Qxd6 22. Rxd6 fxg5 23. Nxg5 Bh6 $19) 21... Rfd8 22. Qd5 Kf7 23. Nd2 {[%emt 0:00:32][%cal Bf3d2,Bd2b1,Bb1c3][%mdl 32] White has more active pieces.} f5 24. Nb1 Rd7 25. Qd2 Re8 26. Bh6 f4 27. Bxg7 Kxg7 28. Nc3 Rf8 29. Qd5 Qf5 30. Qe4 {[%emt 0:00:45] Threatening Qxf5.} fxg3 ({Black should try} 30... Qh5 $11) 31. Qxf5 $14 {[%emt 0:00:08] Successful Defense White} gxf5 32. hxg3 (32. Kxg3 Kf7 $11) 32... b6 33. f3 Ne7 34. Kf2 Rf6 35. Rd2 Rh6 36. Rcd1 Kf7 37. a4 Nc6 38. Kg2 Na5 39. Rb1 Rg6 40. Kf2 Rh6 41. Nb5 Ke6 42. Rbd1 Ke7 43. Rd3 $36 {[%emt 0:00:07][%mdl 2048] White fights for an advantage.} Nc6 44. Kg2 Nb4 45. R3d2 Nc6 46. f4 Rg6 (46... exf4 $11 {remains equal.} 47. gxf4 a6) 47. e3 Re6 {[%emt 0:01:11] [#]} (47... Rd8 $14) 48. Rh1 (48. fxe5 $142 $1 Nxe5 49. Nd4) 48... Kd8 $16 49. Rh5 Rf6 50. Kf3 (50. Rg5 $16) 50... h6 51. Nc3 Ne7 (51... Rdf7 $142) 52. Rdh2 Ng8 53. Nd5 Rf8 54. Ra2 Rb7 55. e4 ({White should try} 55. Nc3 $16) 55... fxe4+ $14 56. Kxe4 Rg7 57. a5 Nf6+ (57... bxa5 $142 58. fxe5 (58. Rxa5 Nf6+ 59. Nxf6 Rxf6 $11) 58... dxe5) 58. Nxf6 $16 Rxf6 59. fxe5 (59. axb6 $16 axb6 60. Ra8+ (60. fxe5 Rg4+ 61. Kd5 dxe5 $14) 60... Ke7 61. Ra7+ (61. fxe5 dxe5 62. Ra7+ Kf8 $16) 61... Kf8 62. Rxg7 (62. fxe5 Rg4+ 63. Kd5 dxe5 $14) 62... Kxg7 63. fxe5 dxe5 64. Rxe5) 59... dxe5 60. Kxe5 {Weighted Error Value: White=0.13 (very precise) /Black=0.15 (very precise)   Mistake:       	White=4     	Black=5      Inaccurate:     	White=4     	Black=5      OK:         	White=21    	Black=22     Best:        	White=4     	Black=1} 1-0

[Event "2nd Namma Bengaluru Open-A 2025"]
[Site "Bengaluru"]
[Date "2025.04.15"]
[Round "7.10"]
[White "John Veny Akkarakaran"]
[Black "Chanda, Sandipan"]
[Result "0-1"]
[Annotator "TA"]
[ECO "C70"]
[WhiteElo "2350"]
[BlackElo "2485"]
[PlyCount "76"]
[EventDate "2025.04.10"]
[EventType "swiss"]
[EventCountry "IND"]
[SourceTitle "playchess.com"]
[Source "ChessBase"]
[SourceQuality "1"]
[TimeControl "5400+30"]

1. e4 e5 2. Nf3 Nc6 3. Bb5 a6 4. Ba4 b5 5. Bb3 Na5 6. O-O Nxb3 7. axb3 d6 8. d4 f6 9. Qe2 Bb7 10. Rd1 Qc8 11. c4 {[%emt 0:28:12] White is better.} b4 {[%emt 0:00:36] [#]} 12. c5 $1 exd4 13. cxd6 (13. Nxd4 dxc5 14. Nc2 Qe6 $15) 13... Bxd6 14. Nxd4 {[%emt 0:22:37] Threatens to win with Nf5.} Ne7 15. Nd2 O-O 16. Nc4 Re8 17. Na5 Kh8 $1 18. f3 Be5 19. Nc4 (19. Qc4 $16) 19... Bxd4+ $11 20. Rxd4 f5 21. e5 Qe6 22. Bf4 Bd5 23. h3 a5 24. Bg3 {[%emt 0:00:52] [#]} (24. Rxa5 $2 Rxa5 25. Nxa5 Qb6 $19 (25... Bxb3 26. Nxb3 Qxb3 27. e6 $18)) (24. Nxa5 Nc6 (24... Bxb3 $2 25. Nxb3 Qxb3 26. Rxa8 $18) 25. Rd2 Nxa5 $19 (25... Rxa5 $2 26. Rxa5 Nxa5 27. Qb5 $19)) 24... a4 $1 25. Rad1 (25. bxa4 Nc6 26. Rxd5 Qxd5 $15) (25. Rxa4 Rxa4 26. bxa4 Nc6 27. Rxd5 Qxd5 $17) (25. Rd2 h6) 25... a3 ({Much worse is} 25... axb3 $6 26. Ne3 Ra5 27. Qd2 $16 (27. Rxb4 c5 $14)) 26. bxa3 bxa3 27. Ra1 $1 Ng6 28. Ra2 $2 {[%emt 0:00:39] [#]} (28. Qe3 $11 {and White is okay.}) 28... f4 $1 $19 29. Bf2 ({Much weaker is} 29. Bxf4 c5 30. Re4 Qc6) 29... Nxe5 30. Nxe5 (30. Qf1 $17 {was worth a try.}) 30... Bxb3 ({Don't do} 30... Qxe5 31. Qd1 c6 32. Qc1 $15) 31. Ra1 {[%emt 0:00:36][%cal Od4f4] Hoping for Rxf4!} Qxe5 32. Qxe5 Rxe5 33. Rd7 c5 {Dodges Bd4} ({Black should try} 33... Rd5 $19 34. Rxc7 a2) 34. Rc7 (34. Rd3 $1 $15 c4 35. Rxa3) 34... Ra5 {...a2 would now be deadly.} 35. Be1 {[%emt 0:00:30] [#]} Rxe1+ 36. Rxe1 a2 37. Rc8+ Bg8 38. Ra1 g5 {Weighted Error Value: White=0.42/Black=0.14 (very precise) .  Loses game:     	White=1     	---        Mistake:       	White=3     	Black=1      Inaccurate:     	White=3     	Black=4      OK:         	White=7     	Black=12     Best:        	White=1     	Black=5      Strong:       	White=1     	Black=1      Brilliant:      	---       	Black=1} 0-1

[Event "2nd Namma Bengaluru Open-A 2025"]
[Site "Bengaluru"]
[Date "2025.04.15"]
[Round "7.11"]
[White "Krishna Teja, N."]
[Black "Stany, G.A."]
[Result "0-1"]
[Annotator "RC"]
[ECO "D91"]
[WhiteElo "2321"]
[BlackElo "2454"]
[PlyCount "48"]
[EventDate "2025.04.10"]
[EventType "swiss"]
[EventCountry "IND"]
[SourceTitle "playchess.com"]
[Source "ChessBase"]
[SourceQuality "1"]
[TimeControl "5400+30"]

1. d4 Nf6 2. c4 g6 3. Nc3 d5 4. Nf3 Bg7 5. Bg5 Ne4 6. Bf4 Nxc3 7. bxc3 dxc4 8. e3 Be6 9. Qb1 Qd5 10. Ng5 Qa5 11. Nxe6 Qxc3+ 12. Ke2 fxe6 13. g3 e5 14. Bg2 exf4 15. Bxb7 fxe3 16. fxe3 Bh6 17. Qe4 Qb2+ 18. Kf3 Nd7 19. Rab1 O-O+ 20. Kg4 Nf6+ 21. Kh4 Nxe4 22. Rxb2 Rab8 23. Bd5+ e6 24. Rxb8 exd5 0-1

[Event "2nd Namma Bengaluru Open-A 2025"]
[Site "Bengaluru"]
[Date "2025.04.15"]
[Round "7.12"]
[White "Goutham Krishna H"]
[Black "Subhayan Kundu"]
[Result "1/2-1/2"]
[Annotator "RC"]
[ECO "A12"]
[WhiteElo "2449"]
[BlackElo "2356"]
[PlyCount "61"]
[EventDate "2025.04.10"]
[EventType "swiss"]
[EventCountry "IND"]
[SourceTitle "playchess.com"]
[Source "ChessBase"]
[SourceQuality "1"]
[TimeControl "5400+30"]

1. b3 d5 2. Bb2 Bf5 3. Nf3 e6 4. g3 h6 5. Bg2 Nf6 6. O-O Be7 7. d3 O-O 8. Nbd2 c6 9. c4 Nbd7 10. a3 a5 11. Ra2 Bh7 12. Qa1 Qb6 13. Ne5 Nxe5 14. Bxe5 Rfd8 15. Rc2 Qc5 16. Rfc1 Ng4 17. Bd4 Qd6 18. c5 Qc7 19. h3 Nf6 20. Nf3 Ne8 21. Rb1 f6 22. Nd2 e5 23. Bb2 Qd7 24. Re1 Nc7 25. Qc1 Ne6 26. Nf1 Rdb8 27. e4 dxe4 28. dxe4 Rd8 29. b4 axb4 30. axb4 Nd4 31. Rd2 1/2-1/2

[Event "2nd Namma Bengaluru Open-A 2025"]
[Site "Bengaluru"]
[Date "2025.04.15"]
[Round "7.13"]
[White "Mehar, Chinna Reddy C.H."]
[Black "Karthikeyan, P.."]
[Result "1/2-1/2"]
[Annotator "RC"]
[ECO "C78"]
[WhiteElo "2418"]
[BlackElo "2312"]
[PlyCount "81"]
[EventDate "2025.04.10"]
[EventType "swiss"]
[EventCountry "IND"]
[SourceTitle "playchess.com"]
[Source "ChessBase"]
[SourceQuality "1"]
[TimeControl "5400+30"]

1. e4 e5 2. Nf3 Nc6 3. Bb5 a6 4. Ba4 Nf6 5. O-O b5 6. Bb3 Bb7 7. d3 Bc5 8. a4 O-O 9. Bg5 h6 10. Bh4 g5 11. Bg3 d6 12. c3 Ba7 13. Na3 b4 14. Nc4 bxc3 15. bxc3 a5 16. Ne3 Bc8 17. Nd2 Rb8 18. Rb1 Kg7 19. Qe2 Bd7 20. Ndc4 h5 21. h3 Rh8 22. Bc2 h4 23. Bh2 Nh5 24. Qf3 Nf4 25. Rxb8 Qxb8 26. Nf5+ Kf8 27. Rb1 Qd8 28. Nce3 Be6 29. Rd1 Qf6 30. Ng4 Qd8 31. d4 exd4 32. Nxd4 Bxg4 33. Qxg4 Bxd4 34. cxd4 Qf6 35. Bb3 Nxd4 36. Bxf4 gxf4 37. Rxd4 Qxd4 38. Qc8+ Kg7 39. Qg4+ Kf8 40. Qc8+ Kg7 41. Qg4+ 1/2-1/2